 Dungeon Crawl Stone Soup version 0.20-a0-957-g47ad1fd (webtiles) character file.

335 JeffiDaFish the Chucker (level 6, -1/57 HPs)
             Began as a Troll Hunter on Apr 5, 2017.
             Slain by a troll (10 damage)
             ... on level 4 of the Dungeon.
             The game lasted 00:06:15 (1951 turns).

JeffiDaFish the Chucker (Troll Hunter)              Turns: 1951, Time: 00:06:16

Health: -1/57      AC: 14    Str: 21    XL:     6   Next: 28%
Magic:  5/5        EV:  8    Int:  7    God:
Gold:   130        SH:  0    Dex: 12    Spells: 5/5 levels left

rFire    + + .     SeeInvis .     - Unarmed
rCold    x . .     Gourm    +   (no shield)
rNeg     . . .     Faith    .   j - +0 fire dragon scales
rPois    .         Spirit   .   (helmet restricted)
rElec    .         Reflect  .   k - +2 cloak
rCorr    .         Harm     .   (gloves unavailable)
MR       .....                  (boots unavailable)
Stlth    ..........             (no amulet)
Regen    0.6/turn               (no ring)
MPRegen  0.1/turn               (no ring)

@: no status effects
A: unfitting armour, claws 3, fast metabolism 3, gourmand, regeneration 1,
shaggy fur 1, tough skin 2
a: no special abilities


You were on level 4 of the Dungeon.
You were very full.

You visited 1 branch of the dungeon, and saw 4 of its levels.

You collected 130 gold pieces.

Inventory:

Missiles
 c - 3 large rocks (quivered)
 d - 3 throwing nets
Armour
 j - +0 fire dragon scales (worn)
 k - a +2 cloak (worn)
Scrolls
 b - 6 scrolls of remove curse
 i - a scroll of identify
Potions
 a - a potion of magic
 e - a potion of cancellation
 g - 2 potions of haste
 h - 2 potions of curing
Comestibles
 f - 4 bread rations
 l - a chunk of flesh


   Skills:
 + Level 2.2 Fighting
 + Level 4.5 Throwing
 + Level 1.2 Armour
 + Level 2.3 Dodging
 + Level 0.3 Stealth
 * Level 4.2 Unarmed Combat


You had 5 spell levels left.
You didn't know any spells.

Dungeon Overview and Level Annotations

Branches:
Dungeon (4/15)
 Temple: D:4-7

Altars:


Innate Abilities, Weirdness & Mutations

You are too large for most types of armour.
You have claws for hands.
Your metabolism is lightning-fast.
You like to eat raw meat.
Your natural rate of healing is unusually fast.
You are covered in fur. (AC +1)
You have very tough skin. (AC +2)


Message History

You are too injured to fight recklessly!
You are too injured to fight recklessly!
You scratch the troll.
The troll is heavily wounded.
The troll bites you but does no damage. The troll claws you!
* * * LOW HITPOINT WARNING * * *
The troll closely misses you.
Your fire dragon scales prevents you from hitting the troll.
The troll is heavily wounded.
The troll bites you.
* * * LOW HITPOINT WARNING * * *
The troll claws you!
* * * LOW HITPOINT WARNING * * *
The troll claws you but does no damage.
You feel better. The troll bites you.
* * * LOW HITPOINT WARNING * * *
The troll claws you.
* * * LOW HITPOINT WARNING * * *
The troll claws you!
You die...

......#
.....#
.....#
.....# #
#....#.##
#.>.....+
#T...#.##
#@.......
#.#..#.##
#<...#
#.#.##
#.#...
#.# ##.#
..# # ###


You could see a troll.

Vanquished Creatures
  The ghost of JeffiDaFish the Digger, an amateur TrEE (D:3)
  Crazy Yiuf (D:3)
  Jessica (D:2)
  Ijyb (D:3)
  Terence (D:2)
  2 adders
  An ooze (D:3)
  2 worms
  3 leopard geckos
  8 bats
  5 giant cockroaches
  6 goblins
  9 hobgoblins
  5 jackals
  4 kobolds
  3 frilled lizards
  6 rats
59 creatures vanquished.

Notes
Turn   | Place    | Note
-------+----------+-------------------------------------------
     0 | D:1      | JeffiDaFish the Troll Hunter began the quest for the Orb.
     0 | D:1      | Reached XP level 1. HP: 19/19 MP: 0/0
   152 | D:1      | Reached XP level 2. HP: 20/27 MP: 1/1
   572 | D:2      | Reached XP level 3. HP: 35/35 MP: 2/2
   659 | D:2      | Noticed Terence
   672 | D:2      | Killed Terence
   715 | D:2      | Reached skill level 1 in Unarmed Combat
   715 | D:2      | Reached XP level 4. HP: 42/42 MP: 3/3
   789 | D:2      | Noticed Jessica
   811 | D:2      | Killed Jessica
  1061 | D:3      | Noticed Ijyb
  1066 | D:3      | Killed Ijyb
  1075 | D:3      | Reached XP level 5. HP: 49/49 MP: 4/4
  1226 | D:3      | Noticed JeffiDaFish's ghost (amateur TrEE)
  1256 | D:3      | Killed JeffiDaFish's ghost
  1256 | D:3      | Reached skill level 1 in Armour
  1256 | D:3      | Reached XP level 6. HP: 16/57 MP: 5/5
  1485 | D:3      | Found a runed door.
  1489 | D:3      | Noticed Crazy Yiuf
  1493 | D:3      | Killed Crazy Yiuf
  1942 | D:4      | Noticed a troll
  1950 | D:4      | HP: 1/57 [troll (7)]
  1951 | D:4      | Slain by a troll

Vault maps used:
D:1:      saegor_arrival_simple_c
D:2:      first_bread, uniq_terence, uniq_jessica
D:3:      uniq_crazy_yiuf_cottage, uniq_iyjb
D:4:      gammafunk_temple_overflow_pools, nicolae_ru_great_annihilating_truth,
          uniq_menkaure

Skill      XL: |  1  2  3  4  5  6 |
---------------+-------------------+-----
Throwing       | 4 |  4.5
Unarmed Combat | 1 2 3 4 |  4.2
Fighting       | 2 |  2.2
Dodging        | 2 |  2.3
Armour         | 1 |  1.2
Stealth        | |  0.3

Action                   |  1- 3 |  4- 6 || total
-------------------------+-------+-------++-------
Melee: Short sword       |    62 |       ||    62
       Unarmed           |    37 |   126 ||   163
Throw: Large rock        |     9 |       ||     9
  Use: Scroll            |     5 |     2 ||     7
       Potion            |     3 |     7 ||    10
  Eat: Chunk             |    12 |    11 ||    23
Armor: Robe              |     4 |       ||     4
       Fire dragon scale |    89 |    83 ||   172
Dodge: Dodged            |    66 |    52 ||   118
